 Dungeon Crawl Stone Soup version 0.30.1-6-gbe392663c4 (webtiles) character file.

Game seed: 13388479769999920217

7602 Kurtz the Severer (level 11, 0/58 (60) HPs)
             Began as a Tengu Fighter on Sept 20, 2023.
             Was an Elder of Okawaru.
             Slain by a wyvern (13 damage)
             ... on level 9 of the Dungeon.
             The game lasted 00:12:34 (10764 turns).

Kurtz the Severer (Tengu Fighter)                  Turns: 10764, Time: 00:12:35

HP:   0/58 (60)     AC: 14    Str: 18    XL:     11   Next: 17%
MP:   12/14         EV: 14    Int: 10    God:    Okawaru [****..]
Gold: 493           SH:  6    Dex: 15    Spells: 10/10 levels left

rFire   . . .        d - +0 hand axe (heavy)
rCold   + . .        c - +0 buckler
rNeg    . . .        y - +2 chain mail {rC+}
rPois   .            (helmet restricted)
rElec   .            j - +0 cloak
rCorr   +            (no gloves)
SInv    .            (boots unavailable)
Will    .....        b - amulet of the acrobat Stlth
                     F - ring of resist corrosion
HPRegen 0.29/turn    (no ring)
MPRegen 0.14/turn

%: acrobat
@: heroic, flying quickly and evasively, slowed, lightly drained, very slow
A: beak, talons 3, nimble flight
a: Renounce Religion, Heroism, Finesse


You were on level 9 of the Dungeon.
You worshipped Okawaru.
Okawaru was greatly pleased with you.
You visited 1 branch of the dungeon, and saw 9 of its levels.

You collected 493 gold pieces.

Inventory:

Hand Weapons
 a - a +0 war axe
 d - a +0 heavy hand axe (weapon)
 A - a +1 whip of freezing
 B - a +0 trident
Missiles
 s - 50 poisoned darts (quivered)
 H - a curare-tipped dart
Armour
 c - a +0 buckler (worn)
 j - a +0 cloak (worn)
 y - a +2 chain mail of cold resistance (worn)
 E - an orb of wrath
Jewellery
 b - an amulet of the acrobat (around neck)
 C - a ring of fire
 F - a ring of resist corrosion (left hand)
Wands
 L - a wand of flame (6)
Scrolls
 f - 2 scrolls of silence {unknown}
 l - a scroll of fog {unknown}
 m - 5 scrolls of teleportation {unknown}
 o - 10 scrolls of identify {unknown}
 q - a scroll of poison {unknown}
 r - 2 scrolls of immolation {unknown}
 t - a scroll of torment {unknown}
 v - 2 scrolls of blinking {unknown}
 w - a scroll of fear {unknown}
 D - a scroll of summoning {unknown}
 I - a scroll of vulnerability {unknown}
 J - a scroll of enchant armour {unknown}
 K - a scroll of amnesia {unknown}
Potions
 e - 2 potions of haste {unknown}
 g - 3 potions of magic
 h - 4 potions of heal wounds {unknown}
 i - 3 potions of lignification {unknown}
 k - 6 potions of curing
 n - 2 potions of mutation {unknown}
 p - 3 potions of brilliance {unknown}
 u - 2 potions of invisibility {unknown}
 x - a potion of flight
 z - 4 potions of attraction {unknown}
 G - a potion of degeneration {unknown}


   Skills:
 * Level 3.0(8.0) Fighting
 - Level 16.5(21.5) Axes
 - Level 3.2(8.2) Armour
 * Level 5.7(10.7) Dodging
 * Level 3.0(8.0) Shields
 * Level 3.9 Invocations


You had 10 spell levels left.
You didn't know any spells.
Your spell library contained the following spells:

 Spells                   Type           Power      Damage    Failure   Level
 Freeze                   Ice            0%         1d3       97%         1
 Sandblast                Erth           0%         2d4       97%         1
 Ensorcelled Hibernation  Hex/Ice        0%         N/A       99%         2
 Passwall                 Tmut/Erth      0%         N/A       99%         2
 Frozen Ramparts          Ice            0%         1d1       100%        3
 Hailstorm                Conj/Ice       0%         3d3       100%        3
 Spider Form              Tmut/Pois      0%         N/A       100%        3
 Stone Arrow              Conj/Erth      0%         3d7       100%        3
 Anguish                  Hex/Necr       0%         N/A       100%        4
 Cause Fear               Hex            0%         N/A       100%        4
 Blade Hands              Tmut           0%         N/A       100%        5
 Irradiate                Conj/Tmut      0%         3d11      100%        5
 Dragon Form              Tmut           0%         N/A       100%        7
 Enfeeble                 Hex            0%         N/A       100%        7
 Summon Small Mammal      Summ           Unusable   N/A       N/A         1
 Call Canine Familiar     Summ           Unusable   N/A       N/A         3
 Summon Guardian Golem    Hex/Summ       Unusable   N/A       N/A         3

Dungeon Overview and Level Annotations

Branches:
Dungeon (9/15)             Temple (0/1) D:5            Lair (0/5) D:8
    Orc: D:9-12

Altars:
Cheibriados
Gozag
Kikubaaqudgha
Makhleb
Nemelex Xobeh
Okawaru
Qazlal
Vehumet
Xom
Yredelemnul
The Shining One

Shops:
D:5 *

Annotations:
D:8 2 transporters
D:9 2 transporters, sheffield53's ghost, novice TeAE


Innate Abilities, Weirdness & Mutations

You have a beak for a mouth.
You have claws for feet.
Your magical nature lets you fly swiftly and evasively.


Message History

You are too injured to fight recklessly!
Unknown command.
You are too injured to fight recklessly!
You hit the wyvern but do no damage. Your kick misses the wyvern.
You peck the wyvern, but do no damage.
The wyvern is heavily wounded.
You hit the wraith but do no damage. You hit the wight but do no damage.
You closely miss the wight.
The wyvern bites you but does no damage.
The wight hits you but does no damage.
The wight hits you from afar with a +3 spear!
* * * LOW HITPOINT WARNING * * *
You feel drained.
* * * LOW HITPOINT WARNING * * *
The wight barely misses you. The wraith hits you.
* * * LOW HITPOINT WARNING * * *
The wraith drains your vigour!
You feel as though you will be slow longer.
The wyvern bites you but does no damage.
Okay, then.
The wyvern attacks as you move away! The wyvern closely misses you.
The wight completely misses you. The wyvern completely misses you.
The wight misses you. The wight completely misses you. The wraith misses you.
The wyvern attacks as you move away! You block the wyvern's attack.
The wyvern misses you. The wyvern attacks as you move away!
The wyvern completely misses you. The wraith attacks as you move away!
The wraith misses you. The wight hits you but does no damage.
The wyvern hisses menacingly.
The wyvern completely misses you. The wyvern attacks as you move away!
The wyvern barely misses you. The wraith attacks as you move away!
The wraith misses you. You block the wyvern's attack.
The wight closely misses you. The wraith completely misses you.
The wight completely misses you. The wyvern completely misses you.
You feel like a meek peon again. The wyvern misses you. The wight misses you.
You gain the combat prowess of a mighty hero.
The wyvern bites you!
You die...

....##..#...#..## ##...##
###.....##..<..# ##..###
##...........###..##
###............))..##
...###............##
#.#####..........##
#..........#...########
...............####...##
....#..##..<....@lzW...##
......###.......##z....)#
.......##.#####.#.z###...#
............####...#
##......
..#....#...........## #...##
#.#...#.....#.##....###....#
..#.#......###..#.......#..#
....#......###..#.########.#
...[[......##...#.#.# .#


You could see a wraith, a wyvern and 2 wights.

Vanquished Creatures
  Erica (D:8)
  Pikel (D:3)
  Joseph (D:8)
  A troll (D:8)
  2 slime creatures (D:7)
  A shadow (D:9)
  2 wraiths (D:9)
  Sigmund (D:4)
  2 steam dragons
  Menkaure (D:4)
  A water moccasin (D:8)
  An ice beast (D:6)
  2 orc warriors (D:9)
  2 black bears
  2 wolves
  6 centaurs (D:6)
  2 phantoms
  7 kobold brigands
  2 scorpions
  2 bullfrogs (D:6)
  A gnoll sergeant (D:7)
  10 wights
  11 killer bees
  A vampire bat (D:7)
  2 howler monkeys
  5 electric eels (D:8)
  A crimson imp (D:6)
  7 hounds
  6 orc priests
  3 jellies
  Jessica (D:2)
  A gnoll bouda (D:6)
  Ijyb (D:4)
  Terence (D:3)
  2 iguanas
  9 orc wizards
  2 sleepcaps (D:5)
  Natasha (twice) (D:4)
  12 gnolls
  6 adders
  A shadow imp (D:5)
  A white imp (D:6)
  2 ufetubi
  2 worms
  6 dart slugs
  34 orcs
  4 ball pythons
  8 bats
  A bat skeleton (D:7)
  4 bat zombies (D:7)
  12 endoplasms
  2 giant cockroaches
  5 goblins
  9 hobgoblins
  6 jackals
  20 kobolds
  3 quokkas
  A frilled lizard (D:1)
  10 rats
  A spectral weapon (D:8)
256 creatures vanquished.

Vanquished Creatures (others)
  3 orcs (D:8)
3 creatures vanquished.

Grand Total: 259 creatures vanquished

Notes
Turn   | Place    | Note
-------+----------+-------------------------------------------
     0 | D:1      | Kurtz the Tengu Fighter began the quest for the Orb.
     0 | D:1      | Reached XP level 1. HP: 14/14 MP: 2/2
   152 | D:1      | Reached skill level 3 in Axes
   152 | D:1      | Reached XP level 2. HP: 19/19 MP: 3/3
   468 | D:1      | Found a faded altar of an unknown god.
   473 | D:1      | Reached XP level 3. HP: 23/23 MP: 4/4
   965 | D:2      | Reached skill level 4 in Axes
  1036 | D:2      | Noticed Jessica
  1043 | D:2      | Killed Jessica
  1044 | D:2      | Reached XP level 4. HP: 20/28 MP: 5/5
  1446 | D:2      | Reached skill level 5 in Axes
  1964 | D:3      | Found a radiant altar of Vehumet.
  1993 | D:3      | Noticed a scorpion
  2004 | D:3      | Killed a scorpion
  2005 | D:3      | Reached skill level 6 in Axes
  2005 | D:3      | Gained mutation: Your magical nature lets you fly swiftly
                  | and evasively. [Tengu growth]
  2005 | D:3      | Reached XP level 5. HP: 16/32 MP: 6/6
  2191 | D:3      | Noticed a phantom
  2204 | D:3      | Killed a phantom
  2205 | D:3      | Reached XP level 6. HP: 26/37 MP: 7/7
  2403 | D:3      | Noticed Terence
  2414 | D:3      | Killed Terence
  2415 | D:3      | Reached skill level 7 in Axes
  2466 | D:3      | Found a snail-covered altar of Cheibriados.
  2523 | D:3      | Found a sparkling altar of Nemelex Xobeh.
  2523 | D:3      | Found an opulent altar of Gozag.
  2693 | D:4      | Noticed a black bear
  2702 | D:4      | Killed a black bear
  2778 | D:4      | Identified the +11 rapier of Causality {elec, rN+ Will-
                  | Int+2 Dex+4}
  2833 | D:4      | Noticed Pikel
  2834 | D:4      | Found an iron altar of Okawaru.
  2838 | D:4      | Noticed Menkaure
  2872 | D:3      | Killed Pikel
  2873 | D:3      | Reached skill level 9 in Axes
  2873 | D:3      | Reached XP level 7. HP: 41/41 MP: 8/8
  2873 | D:3      | Reached XP level 8. HP: 46/46 MP: 9/9
  2902 | D:4      | Killed Menkaure
  2903 | D:4      | Reached skill level 10 in Axes
  2955 | D:4      | Noticed Ijyb
  2978 | D:4      | Killed Ijyb
  3039 | D:4      | Noticed Sigmund
  3059 | D:4      | Killed Sigmund
  3190 | D:4      | Noticed Natasha
  3192 | D:4      | Killed Natasha
  3193 | D:4      | Reached skill level 11 in Axes
  3245 | D:4      | Found a glowing golden altar of the Shining One.
  3407 | D:4      | Noticed Natasha
  3413 | D:4      | Killed Natasha
  3625 | D:4      | Became a worshipper of Warmaster Okawaru
  3672 | D:5      | Entered Level 5 of the Dungeon
  4142 | D:5      | Found a staircase to the Ecumenical Temple.
  4232 | D:5      | Reached skill level 1 in Dodging
  4290 | D:5      | Reached * piety under Okawaru
  4300 | D:5      | Reached skill level 1 in Invocations
  4460 | D:5      | Found Foll's Assorted Antiques.
  4560 | D:5      | Reached skill level 12 in Axes
  4572 | D:5      | Reached XP level 9. HP: 35/50 MP: 10/10
  5445 | D:6      | Reached ** piety under Okawaru
  5446 | D:6      | Reached skill level 13 in Axes
  5717 | D:6      | Found a stormy altar of Qazlal.
  5747 | D:6      | Found a basalt altar of Yredelemnul.
  6166 | D:6      | Found a burning altar of Makhleb.
  6167 | D:6      | Found a shimmering altar of Xom.
  6809 | D:7      | Reached skill level 14 in Axes
  6818 | D:7      | Reached XP level 10. HP: 43/56 MP: 12/12
  7220 | D:7      | Found an ancient bone altar of Kikubaaqudgha.
  7344 | D:8      | Noticed a centaur warrior
  7345 | D:8      | Noticed a two-headed ogre
  7345 | D:8      | Noticed a brown ugly thing
  7358 | D:8      | Noticed Erica
  7371 | D:8      | Killed Erica
  7371 | D:8      | Reached *** piety under Okawaru
  7546 | D:8      | Found a transporter.
  7546 | D:8      | Found a transporter.
  7611 | D:8      | Reached skill level 15 in Axes
  7849 | D:8      | Noticed a two-headed ogre
  8046 | D:7      | Reached **** piety under Okawaru
  8997 | D:8      | Found a staircase to the Lair.
  9341 | D:8      | Noticed Joseph
  9352 | D:8      | Killed Joseph
  9353 | D:8      | Reached skill level 16 in Axes
  9872 | D:9      | Reached skill level 5 in Dodging
  9877 | D:9      | Reached XP level 11. HP: 47/60 MP: 14/14
 10499 | D:9      | Reached ***** piety under Okawaru
 10555 | D:9      | Noticed sheffield53's ghost (novice TeAE)
 10556 | D:9      | Found a transporter.
 10556 | D:9      | Noticed a two-headed ogre
 10558 | D:9      | Found a transporter.
 10558 | D:9      | Noticed a two-headed ogre
 10558 | D:9      | Identified the +10 giant spiked club of Verdant Defiance
                  | {antimagic, rF- Int+4}
 10558 | D:9      | Noticed a two-headed ogre
 10764 | D:9      | Slain by a wyvern

Illustrated notes

Levels and vault maps discovered:
D:1:      psy_arrival_conway, layout_loops_ring,
          shapermc_ecumenical_altar_starsandcircs, serial_rivers,
          chequers_serial_rivers_micro_b, chequers_serial_rivers_small_b,
          chequers_serial_rivers_small_b, chequers_serial_rivers_micro_b,
          chequers_serial_rivers_marsh, minmay_misc_feat_five,
          minmay_misc_feat_plants, chequers_serial_rivers_large_a,
          serial_park_tiny_pond, amcnicky_mini_rare_corridor_liquid
D:2:      kb_forest_paths, layout_basic, uniq_jessica
D:3:      layout_rooms, grunt_temple_overflow_opulence,
          mainiacjoe_overflow_alcove_1, nicolae_vehumet_altar_sigil,
          serial_curves, eino_curves_02, eino_curves_01, eino_curves_01,
          eino_curves_02, kennysheep_generic_room_5, uniq_terence
D:4:      layout_loops_ring, nicolae_tso_swordbearing_angel, okawaru_trees_1,
          uniq_natasha, uniq_menkaure, uniq_sigmund, uniq_ijyb, uniq_pikel
D:5:      layout_gridville, temple_fountains, serial_shops, shop
D:6:      layout_loops_corners, grunt_temple_overflow_champion_of_chaos,
          mainiacjoe_overflow_big_doors, chequers_jeans,
          hangedman_decor_growths, minivault_24, centaur_isle
D:7:      cheibrodos_fertilizer, layout_loops_ring, kennysheep_vampire_church
D:8:      gammafunk_the_bubble [the_bubble_gammafunk_split], layout_loops_cross,
          erik_lair_island, uniq_erica, uniq_joseph
D:9:      layout_layer_cave, gammafunk_ghost_smash, nicolae_elevator_lobby_plus

Skill      XL: |  1  2  3  4  5  6  7  8  9 10 |
---------------+-------------------------------+-----
Axes           | 3 4 6 9 12 14 16 | 16.5
Dodging        | 1 2 5 |  5.7
Invocations    | 1 2 3 |  3.9
Fighting       | |  3.0
Armour         | |  3.2
Shields        | |  3.0

Action                     |  1- 3 |  4- 6 |  7- 9 | 10-12 || total
---------------------------+-------+-------+-------+-------++-------
  Melee: War axe           |    51 |   127 |       |    94 ||   272
         Kick              |    13 |    34 |   115 |    80 ||   242
         Peck              |     2 |    16 |    71 |    46 ||   135
         Whip              |       |       |   349 |    44 ||   393
         Hand axe          |       |       |       |   125 ||   125
  Throw: Dart              |       |       |     2 |    26 ||    28
 Invoke: Heroism           |       |       |       |     4 ||     4
  Evoke: Wand              |       |       |     6 |     3 ||     9
    Use: Potion            |       |       |     2 |     2 ||     4
   Stab: Paralysed         |       |       |     5 |     2 ||     7
 Armour: Scale mail        |    19 |     4 |       |       ||    23
         Chain mail        |       |    61 |   162 |    89 ||   312
  Dodge: Dodged            |    16 |    49 |   144 |   173 ||   382
  Block: Buckler           |     5 |    29 |    58 |    44 ||   136
